[Event "Turkey IS Bank Super League 2017"]
[Site "Darica-Kocaeli"]
[Date "2017.07.26"]
[Round "1.45"]
[White "Kaplan, Ebru"]
[Black "Yildiz, Betul Cemre"]
[Result "0-1"]
[ECO "B29"]
[WhiteElo "2022"]
[BlackElo "2326"]
[Annotator "NA"]
[PlyCount "112"]
[EventType "team-tourn"]
[EventCountry "TUR"]
[SourceTitle "playchess.com"]
[Source "ChessBase"]
[SourceQuality "1"]
[TimeControl "40/5400+30:1800+30"]

1. e4 {[%emt 0:00:30] 54} c5 {[%emt 0:01:00] 54} 2. Nf3 {[%emt 0:00:30] 54} Nf6 {[%emt 0:00:30] 54} 3. Nc3 {[%emt 0:00:30] ]54} d5 {[%emt 0:00:30] ]54} 4. exd5 {[%emt 0:01:30] ]54} Nxd5 {[%emt 0:00:00] ]54} 5. Bb5+ {[%emt 0:02:30] ]54} Bd7 {[%emt 0:00:00] ]54} 6. Bxd7+ {[%emt 0:00:30] ]5} Qxd7 {[%emt 0:00:00] ]]} 7. O-O {[%emt 0:01:30] ]]} Nc6 {[%emt 0:04:00] ]]} 8. d4 {[%emt 0:19:30] ]]} cxd4 {[%emt 0:08:30] ]]} 9. Nxd4 {[%emt 0:00:30] ]]} Nxc3 {[%emt 0:01:30] ]]} 10. bxc3 {[%emt 0:00:00] ]]]} e6 {[%emt 0:02:30] ]]]} 11. Be3 {[%emt 0:05:00] ]]]} Be7 {[%emt 0:07:30] ]]]} 12. Rb1 {[%emt 0:12:30] ]]]} O-O {[%emt 0:07:30] ]]]} 13. Qf3 {[%emt 0:06:30] ]]]} Na5 {[%emt 0:06:30] ]]]} 14. Rb5 {[%emt 0:03:30] ]]]} b6 {[%emt 0:01:30] ]]} 15. Rh5 {[%emt 0:01:30] ]]]} g6 {[%emt 0:07:30] ]]]} 16. Bh6 {[%emt 0:07:30] ]]]} Rfd8 {[%emt 0:05:30] ]]]} 17. Re1 {[%emt 0:05:30] ]]]} Rac8 {[%emt 0:01:30] ]]]} 18. Rhe5 {[%emt 0:05:30] ]]]} Nc4 {[%emt 0:04:30] ]]]} 19. R5e2 {[%emt 0:03:30] ]]]} e5 {[%emt 0:08:30] ]]]} 20. h3 {[%emt 0:04:28] [%clk 0:17.02][} Bf8 {[%emt 0:13:33] %%%l} 21. Bxf8 Rxf8 22. Nb3 {[%emt 0:00:30] ]} f5 {[%emt 0:00:39] ]} 23. Qg3 {[%emt 0:04:35] ]} Qd6 {[%emt 0:10:36] [%clk 0:03.19] [%clk 0:01:40] ] [%clk 0:00:34] ] [%clk 0:00:44]} 24. Kh1 Rfd8 25. Qg5 Kg7 26. h4 Qf6 27. Qg3 e4 28. Nd4 Kh8 29. Rb1 Rd5 30. Kg1 f4 31. Qh3 Re8 32. Rb4 Nd6 33. a4 Rh5 34. g3 Rc5 35. Nb5 Nxb5 36. axb5 Rce5 37. Rd4 f3 38. Re3 Qf7 39. Qd7 R8e7 40. Qc8+ Kg7 41. Kh2 Qf5 42. Qa8 h6 43. Rd8 Qf7 44. c4 g5 45. Rh8 gxh4 46. g4 Rg5 47. Kh3 h5 48. Rxh5 Rxh5 49. gxh5 Qf5+ 50. Kxh4 Qf4+ 51. Kh3 Qf5+ 52. Kh4 Qe5 53. h6+ Kxh6 54. Qf8+ Kh7 55. Qc8 Rg7 56. Re1 Qg5+ 0-1

[Event "Turkey IS Bank Super League 2017"]
[Site "Darica-Kocaeli"]
[Date "2017.07.26"]
[Round "1.46"]
[White "Ozen, Bahadir"]
[Black "Gulden, Egemen"]
[Result "1-0"]
[ECO "A25"]
[WhiteElo "2315"]
[BlackElo "2044"]
[Annotator "NA"]
[PlyCount "117"]
[EventType "team-tourn"]
[EventCountry "TUR"]
[SourceTitle "playchess.com"]
[Source "ChessBase"]
[SourceQuality "1"]
[TimeControl "40/5400+30:1800+30"]

1. g3 {[%emt 0:00:30] 02][%} e5 {[%emt 0:01:00] 02][%} 2. Bg2 {[%emt 0:00:30] 02][%} Nc6 {[%emt 0:00:30] 022]} 3. c4 {[%emt 0:01:30] ]02]} g6 {[%emt 0:00:30] ]02]} 4. Nc3 {[%emt 0:01:30] ]0]} Bg7 {[%emt 0:00:30] ]]0} 5. d3 {[%emt 0:01:30] ]]0} d6 {[%emt 0:01:30] ]]0} 6. Nf3 {[%emt 0:00:30] ]]0} h6 {[%emt 0:00:30] ]]0} 7. Rb1 {[%emt 0:03:30] ]]0} Be6 {[%emt 0:00:30] ]]0} 8. b4 {[%emt 0:03:30] ]]0} Qd7 {[%emt 0:00:30] ]]0} 9. b5 {[%emt 0:01:30] ]]0} Nd8 {[%emt 0:00:30] ]]} 10. O-O {[%emt 0:05:30] ]]]} Ne7 {[%emt 0:02:30] ]]]} 11. Bb2 {[%emt 0:08:30] ]]]} O-O {[%emt 0:04:30] ]]} 12. c5 {[%emt 0:04:30] ]]} d5 {[%emt 0:10:30] ]]} 13. Na4 {[%emt 0:02:30] ]]} f6 {[%emt 0:09:30] ]]]} 14. c6 {[%emt 0:01:30] ]]]} bxc6 {[%emt 0:02:30] ]]]} 15. Nc5 {[%emt 0:01:30] ]]} Qc8 {[%emt 0:06:30] ]]} 16. Nxe6 {[%emt 0:06:30] ]]} Qxe6 {[%emt 0:01:30] ]]} 17. bxc6 {[%emt 0:01:30] ]]]} Ndxc6 {[%emt 0:13:30] ]]]} 18. Nd2 {[%emt 0:05:30] ]]} f5 {[%emt 0:15:30] ]]]} 19. Nb3 {[%emt 0:09:30] ]]]} a5 20. Nc5 {[%emt 0:05:30] 5 [%clk 0:25:0] 21]} Qc8 {[%emt 0:06:29] %clk} 21. Qa4 {[%emt 0:08:30] 6]%} Rd8 {[%emt 0:00:28] ]} 22. e4 {[%emt 0:01:30] 0]]} fxe4 {[%emt 0:00:36] ]} 23. dxe4 {[%emt 0:00:30] ]]]} d4 {[%emt 0:01:09] ]} 24. Qc4+ {[%emt 0:07:23] ]} Kh8 {[%emt 0:00:02] ]} 25. f4 {[%emt 0:01:10] ]]} Rd6 {[%emt 0:00:58] ]]} 26. f5 {[%emt 0:01:14] ]]} Qg8 {[%emt 0:01:45] [%clk 0:00.54] [%clk 0:01:06] [%clk 0:01.27] 4 [%clk 0:01:56]} 27. Qxg8+ Kxg8 28. Ne6 gxf5 29. exf5 Bf6 30. Ba3 Rc8 31. Bxd6 cxd6 32. Rb5 Nd8 33. Rxa5 Nxe6 34. fxe6 Kg7 35. Ra7 Rc5 36. Rxe7+ Bxe7 37. Rf7+ Kg8 38. Rxe7 Rc1+ 39. Kf2 Rc2+ 40. Kf1 Rc1+ 41. Ke2 Rc2+ 42. Kf3 e4+ 43. Kxe4 Rxg2 44. a4 Rxh2 45. Kxd4 Kf8 46. Rf7+ Ke8 47. Kd5 Rd2+ 48. Kc6 Re2 49. Kxd6 Rd2+ 50. Ke5 Rg2 51. a5 Rxg3 52. a6 Re3+ 53. Kd5 Rd3+ 54. Ke5 Re3+ 55. Kf6 Rf3+ 56. Kg7 Rg3+ 57. Kh7 Re3 58. a7 Rxe6 59. Rb7 1-0

[Event "Turkey IS Bank Super League 2017"]
[Site "Darica-Kocaeli"]
[Date "2017.07.26"]
[Round "1.47"]
[White "Nomin-Erdene, Davaademberel"]
[Black "Akdogan, Alperen"]
[Result "1-0"]
[ECO "B01"]
[WhiteElo "2373"]
[BlackElo "2151"]
[Annotator "NA"]
[PlyCount "71"]
[EventType "team-tourn"]
[EventCountry "TUR"]
[SourceTitle "playchess.com"]
[Source "ChessBase"]
[SourceQuality "1"]
[TimeControl "40/5400+30:1800+30"]

1. e4 d5 2. exd5 Qxd5 3. Nc3 Qd6 4. d4 Nf6 5. Nf3 Bg4 6. h3 Bh5 7. g4 Bg6 8. Ne5 Nbd7 9. Nxg6 hxg6 10. Bg2 c6 11. Ne2 Nb6 12. c3 e6 13. Qb3 Qc7 14. a4 Nbd5 15. a5 Be7 16. Bd2 b5 17. axb6 Nxb6 18. c4 O-O 19. Bf4 Qd7 20. O-O Rfd8 21. Ra6 c5 22. Bxa8 Rxa8 23. Qf3 Rd8 24. dxc5 Bxc5 25. b3 Qd3 26. Qxd3 Rxd3 27. Rxa7 Rxb3 28. Rc7 Ne4 29. Be3 Bxe3 30. fxe3 Rxe3 31. Rfxf7 Rxe2 32. Rxg7+ Kf8 33. Rcf7+ Ke8 34. Rb7 Kf8 35. Rgc7 Re1+ 36. Kg2 1-0

[Event "Turkey IS Bank Super League 2017"]
[Site "Darica-Kocaeli"]
[Date "2017.07.26"]
[Round "1.48"]
[White "Duran, Esma Doga"]
[Black "Yurdakul, Didem Nuray"]
[Result "1-0"]
[ECO "D36"]
[WhiteElo "1939"]
[BlackElo "1697"]
[Annotator "NA RC"]
[PlyCount "56"]
[EventType "team-tourn"]
[EventCountry "TUR"]
[SourceTitle "playchess.com"]
[Source "ChessBase"]
[SourceQuality "1"]
[TimeControl "40/5400+30:1800+30"]

1. d4 {[%emt 0:00:30] 58]} d5 {[%emt 0:01:00] 58]} 2. c4 {[%emt 0:00:30] 58]} e6 {[%emt 0:00:30] 58]} 3. Nc3 {[%emt 0:00:30] ]58]} Nf6 {[%emt 0:00:30] ]58]} 4. cxd5 {[%emt 0:00:30] ]58]} exd5 {[%emt 0:00:30] ]58]} 5. Bg5 {[%emt 0:00:30] ]58]} Be7 {[%emt 0:00:00] ]58]} 6. e3 {[%emt 0:00:00] ]58]} c6 {[%emt 0:00:00] ]55]} 7. Qc2 {[%emt 0:00:00] ]55]} O-O {[%emt 0:00:30] ]55} 8. Bd3 {[%emt 0:00:30] ]555} Nbd7 {[%emt 0:00:30] ]555} 9. Nf3 {[%emt 0:00:00] ]55} Re8 {[%emt 0:00:30] ]555} 10. O-O {[%emt 0:00:00] ]]55} Nf8 {[%emt 0:00:00] ]]55} 11. h3 {[%emt 0:01:30] ]]55} Ng6 {[%emt 0:00:00] ]]55} 12. Rab1 {[%emt 0:01:30] ]]55} a5 {[%emt 0:00:30] ]]5} 13. a3 {[%emt 0:02:30] ]]]} Bd6 {[%emt 0:00:30] ]]]} 14. Na4 {[%emt 0:03:30] ]]]} h6 {[%emt 0:03:30] ]]]]} 15. Bxf6 {[%emt 0:02:30] ]]]]} Qxf6 {[%emt 0:00:30] ]]]]} 16. Nb6 {[%emt 0:02:30] ]]]]} Rb8 {[%emt 0:05:30] ]]]]} 17. Nxc8 {[%emt 0:03:30] ]]]]} Rbxc8 {[%emt 0:03:30] ]]]]} 18. Qa4 {[%emt 0:13:30] ]]]]} Ra8 {[%emt 0:02:30] ]]]]} 19. Rfe1 {[%emt 0:07:30] ]]]} Bc7 {[%emt 0:09:30] ]]]]} 20. Qb3 {[%emt 0:06:30] ]]]]} Rab8 {[%emt 0:10:30] ]]]]} 21. e4 {[%emt 0:06:30] ]]]]} Nf4 {[%emt 0:09:30] ]]]]} 22. e5 {[%emt 0:06:30] ]]]]} Qe6 {[%emt 0:02:30] ]]]]} 23. Bc2 {[%emt 0:05:30] ]]]]} Bd8 {[%emt 0:05:30] ]]]]} 24. Qe3 {[%emt 0:03:30] ]]]} Ng6 {[%emt 0:03:30] ]]]]} 25. g4 {[%emt 0:04:30] ]]]]} Nh4 {[%emt 0:06:30] ]]]]} 26. Nh2 {[%emt 0:08:53] [%clk 0:08.48]][%} f5 {[%emt 0:08:30] ]]} 27. Re2 {[%emt 0:11:19] %%ck} Rf8 {[%emt 0:09:08] %%cck} 28. Qd3 {[%emt 0:03:24] %%cck} Bg5 {[%emt 0:06:30] % [%clk 0:08:46] [%clk 0:06.58] [%clk 0:01:46] ] [%clk 0:01:46]} 1-0